 Dungeon Crawl Stone Soup version 0.20-a0-809-gaf7f668 (webtiles) character file.

210 Gorglomux the Shield-Bearer (level 5, -9/33 HPs)
             Began as an Octopode Transmuter on Mar 4, 2017.
             Killed by nerve-wracking pain
             ... invoked by an orc priest
              (14 damage)
             ... on level 4 of the Dungeon.
             The game lasted 00:10:32 (3743 turns).

Gorglomux the Shield-Bearer (Octopode Transmuter)   Turns: 3743, Time: 00:10:32

Health: -9/33      AC:  1    Str:  9    XL:     5   Next: 87%
Magic:  7/8        EV: 13    Int: 17    God:
Gold:   115        SH:  5    Dex: 12    Spells: 5/8 levels left

rFire    . . .     SeeInvis .     - Unarmed
rCold    . . .     Gourm    .   d - +0 buckler
rNeg     . . .     Faith    .   (helmet restricted)
rPois    .         Spirit   .   (no amulet)
rElec    .         Reflect  .   P - ring of ice
rCorr    .         Harm     .   X - ring of fire
MR       .....                  x - ring of stealth
Stlth    +++.......             (no ring)
Regen    0.2/turn               (no ring)
MPRegen  0.2/turn               (no ring)
                                (no ring)
                                (no ring)

@: appendage
A: almost no armour, stealthy swim, amphibious, 8 rings, constrict 8, tentacle
spike 3, camouflage 1, gelatinous body 1
a: End Transformation


You were on level 4 of the Dungeon.
You were not hungry.
One of your tentacles had a temporary spike.
You visited 1 branch of the dungeon, and saw 4 of its levels.

You collected 115 gold pieces.

Inventory:

Missiles
 a - 81 arrows
 Z - 2 throwing nets (quivered)
Armour
 d - a +0 buckler (worn)
Jewellery
 x - a ring of stealth (on tentacle)
 P - a ring of ice (left tentacle)
 X - a ring of fire (right tentacle)
Scrolls
 h - 3 scrolls of teleportation {unknown}
 Q - a scroll of remove curse {unknown}
 U - a scroll of amnesia {unknown}
 W - a scroll of magic mapping {unknown}
Potions
 e - 3 potions of curing
 g - 2 potions of mutation
 j - a potion of heal wounds
 J - a potion of flight
 L - a potion of invisibility {unknown}
 M - a potion of berserk rage {unknown}
 O - 2 potions of might {unknown}
 T - 2 potions of degeneration {unknown}
 V - a potion of agility {unknown}
 Y - 2 potions of haste {unknown}
Books
 b - a book of Changes

   Spells                             Type                      Level
   a - Beastly Appendage              Transmutation                1
   b - Sticks to Snakes               Transmutation                2
   c - Spider Form                    Transmutation/Poison         3
   d - Ice Form                       Ice/Transmutation            4
   e - Blade Hands                    Transmutation                5
Comestibles
 c - 3 bread rations
 k - 4 fruits
 K - a royal jelly
 N - a chunk of flesh
 S - 3 meat rations


   Skills:
 - Level 1.0 Fighting
 - Level 2.0 Dodging
 - Level 4.2 Shields
 + Level 3.6 Unarmed Combat
 - Level 2.0 Spellcasting
 + Level 3.3 Transmutations


You had 5 spell levels left.
You knew the following spells:

 Your Spells              Type           Power        Failure   Level  Hunger
a - Beastly Appendage     Tmut           ##....       6%          1    #......
b - Sticks to Snakes      Tmut           ##......     10%         2    ###....


Dungeon Overview and Level Annotations

Branches:
Dungeon (4/15)
 Temple: D:4-7

Altars:
The Shining One


Innate Abilities, Weirdness & Mutations

You cannot wear most types of armour.
You are very stealthy in the water. (Stealth+)
You are amphibious.
You can wear up to eight rings at the same time.
You can use your tentacles to constrict eight enemies at once.
Your skin changes colour to match your surroundings (Stealth+).
Your rubbery body absorbs attacks. (AC +1, EV +1)
One of your tentacles bears a large vicious spike.


Message History

The orc wizard mumbles some strange words.
The orc wizard blinks!
The orc priest hits you.
You tentacle-slap the orc priest but do no damage.
You grab the orc priest.
You pierce the orc priest.
You squeeze the orc priest.
The orc priest is moderately wounded.
You constrict the orc priest.
The orc priest calls down the wrath of Beogh upon you.
Pain shoots through your body!
* * * LOW HITPOINT WARNING * * *
The orc wizard hits you with a dagger.
* * * LOW HITPOINT WARNING * * *
You tentacle-slap the orc priest.
You pierce the orc priest.
The orc priest is severely wounded.
You constrict the orc priest. The orc wizard casts a spell at you.
The magic dart hits you!
* * * LOW HITPOINT WARNING * * *
The orc priest invokes the aid of Beogh against you.
Pain shoots through your body!
You die...

##...##.....o.
+....#........
#....+........ #....#
....... ###+# #...)#
.......
##...###....##.......
#.......ยง..).........
#...........o......>.
#..........@o........
#..#.####...##.......
####'####...# .......
#.....#....#.......
#.....#....#.......
#.....#...##.....##
####..###...# #.....#
##### ##....#


You could see an orc priest and an orc wizard.

Vanquished Creatures
  An orc priest (D:3)
  An orc wizard (D:4)
  5 adders
  An ooze (D:3)
  5 worms
  3 dart slugs (D:2)
  2 leopard geckos (D:2)
  5 orcs
  3 giant cockroaches
  6 goblins
  6 hobgoblins
  9 jackals
  10 kobolds
  3 quokkas (D:2)
  9 bats
  2 frilled lizards (D:1)
  11 rats
82 creatures vanquished.

Notes
Turn   | Place    | Note
-------+----------+-------------------------------------------
     0 | D:1      | Gorglomux the Octopode Transmuter began the quest for the Orb.
     0 | D:1      | Reached XP level 1. HP: 13/13 MP: 3/3
   369 | D:1      | Reached XP level 2. HP: 18/18 MP: 3/5
   401 | D:1      | Reached skill level 1 in Shields
   660 | D:1      | Learned a level 2 spell: Sticks to Snakes
   922 | D:1      | Reached skill level 2 in Shields
  1005 | D:2      | Reached XP level 3. HP: 21/23 MP: 6/6
  1305 | D:2      | Reached skill level 3 in Shields
  1343 | D:2      | Reached XP level 4. HP: 21/28 MP: 7/7
  2218 | D:2      | Reached skill level 4 in Shields
  2611 | D:3      | Reached XP level 5. HP: 29/33 MP: 6/8
  2939 | D:3      | Reached skill level 3 in Transmutations
  3191 | D:3      | Found a glowing golden altar of the Shining One.
  3743 | D:4      | Killed from afar by an orc priest

Vault maps used:
D:1:      doesnt_arrival_goblin_jail
D:2:      first_bread
D:3:      lemuel_coloured_pillars_altar
D:4:      nicolae_gozag_seed_capital

Skill      XL: |  1  2  3  4  5 |
---------------+----------------+-----
Shields        | 2 3 4 |  4.2
Transmutations | 3 |  3.3
Fighting       | |  1.0
Dodging        | |  2.0
Unarmed Combat | |  3.6
Spellcasting   | |  2.0

Action                   |  1- 3 |  4- 6 || total
-------------------------+-------+-------++-------
Melee: Unarmed           |    71 |   141 ||   212
       Constrict         |    21 |    37 ||    58
       Kick              |    11 |    36 ||    47
       Tentacles         |     9 |    30 ||    39
       Punch             |     1 |     1 ||     2
 Cast: Beastly Appendage |    10 |    26 ||    36
       Sticks to Snakes  |       |     1 ||     1
  Use: Scroll            |       |     4 ||     4
 Stab: Sleeping          |     6 |     2 ||     8
  Eat: Chunk             |     2 |     8 ||    10
Armor: Skin              |     5 |     8 ||    13
Dodge: Dodged            |    42 |    61 ||   103
Block: Buckler           |    13 |    24 ||    37
